 Dungeon Sprint DCSS version 0.29-a0-359-g541a27f54d (webtiles) character file.

Game seed: 9250298857914812729

7 Zeldest the Insei (level 1, 0/27 HPs)
             Began as a Demonspawn Monk on Apr 28, 2022.
             Slain by a black bear (7 damage)
             ... in the Dungeon (Sprint IX: "|||||||||||||||||||||||||||||").
             The game lasted 00:00:11 (33 turns).

Zeldest the Insei (Demonspawn Monk)                   Turns: 33, Time: 00:00:12

Health: 0/27       AC:  2    Str: 11    XL:     1   Next: 83%
Magic:  1/1        EV: 13    Int: 11    God:
Gold:   0          SH:  0    Dex: 15    Spells: 0/0 levels left

rFire   . . .      SeeInvis .     - Unarmed
rCold   . . .      Faith    .   (no shield)
rNeg    . . .      Spirit   .   a - +0 robe
rPois   .          Reflect  .   (no helmet)
rElec   .          Harm     .   (no cloak)
rCorr   .          Rampage  .   (no gloves)
Will    .....      NoTele   +   (no boots)
Stlth   ..........              (no amulet)
HPRegen 0.09/turn               (no ring)
MPRegen 0.07/turn               (no ring)

@: berserking, very quick
A: no striking features
a: no special abilities


You were in the Dungeon.
You visited 1 branch

Inventory:

Armour
 a - a +0 robe (worn)
Scrolls
 h - a scroll of blinking
Potions
 b - a potion of ambrosia
 c - a potion of curing
 d - a potion of heal wounds
 e - a potion of haste
 f - 2 potions of magic


   Skills:
 + Level 3.5 Fighting
 + Level 3.2 Dodging
 - Level 1.7 Stealth
 * Level 3.6 Unarmed Combat


You couldn't memorise any spells.
You didn't know any spells.
Your spell library was empty.

Dungeon Overview and Level Annotations

Branches:
Dungeon (1/1)

Altars:


Message History

You closely miss the hobgoblin. The hobgoblin closely misses you.
You barely miss the hobgoblin. The hobgoblin barely misses you.
You closely miss the hobgoblin. The hobgoblin misses you.
You hit the hobgoblin but do no damage. The hobgoblin barely misses you.
You hit the hobgoblin.
You kill the hobgoblin!
You hit the endoplasm.
The endoplasm is severely wounded.
The endoplasm freezes you.
You are frozen.
* * * LOW HITPOINT WARNING * * *
You hit the endoplasm but do no damage.
The endoplasm is severely wounded.
The endoplasm closely misses you.
You hit the endoplasm.
You kill the endoplasm!
The kobold throws a stone.
The stone closely misses you. The kobold barely misses you.
You see here a hobgoblin corpse.
You hit the kobold.
You kill the kobold!
You completely miss the rat. The rat bites you.
* * * LOW HITPOINT WARNING * * *
You hit the rat.
You kill the rat!
Things that are here:
a +0 dagger; a stone; a kobold corpse You open the door.
A jelly, an adder, an iguana, a quokka and a black bear come into view.
The adder hisses angrily.
The black bear growls angrily.
The jelly quivers.
The iguana hisses angrily.
A red film seems to cover your vision as you go berserk!
You feel yourself moving faster!
You feel mighty! The black bear closely misses you.
The black bear barely misses you. The black bear closely misses you.
You punch the black bear!
The black bear is moderately wounded.
The black bear bites you!
You die...

▓+▓
▓J▓
▓.▓
▓S▓
▓l▓
▓r▓
▓h▓
▓@▓
▓.▓
▓.▓
▓)▓
▓†▓
▓'▓
▓.▓
▓.▓
▓.▓


You could see a black bear, an iguana, a jelly, an adder and a quokka.

Vanquished Creatures
  A dart slug (D)
  An endoplasm (D)
  A hobgoblin (D)
  A kobold (D)
  A rat (D)
5 creatures vanquished.

Notes
Turn   | Place    | Note
-------+----------+-------------------------------------------
     0 | D        | Zeldest the Demonspawn Monk began the quest for the Orb.
     0 | D        | Reached XP level 1. HP: 18/18 MP: 1/1
    31 | D        | Noticed a jelly
    31 | D        | Noticed an iguana
    31 | D        | Noticed a black bear
    33 | D        | Slain by a black bear

Illustrated notes

Levels and vault maps discovered:
D:        linesprint [early_d, line_temple, items_1, d_10, items_2, lair_1,
          lair_end, items_3, orc_1, orc_end, items_4, d_15, swamp_1, shoals_1,
          snake_1, spider_1, d_20, vaults_1, items_5, swamp_end, shoals_end,
          snake_end, spider_end, vaults_end, d_27, items_6, zot_1, zot_end,
          crypt_end, forest_end, elf_end, slime_end, tomb_end, abyss_end,
          pan_hell_end]

Skill      XL: |  1 |
---------------+----+-----
Dodging        | 3 |  3.2
Unarmed Combat | 3 |  3.6
Fighting       | |  3.5
Stealth        | |  1.7

Action                   || total
-------------------------++-------
Melee: Unarmed           ||    22
  Use: Potion            ||     1
Dodge: Dodged            ||    13

Table legend: (Time is in decaauts)
 A = Elapsed time spent in this place.
 B = Non-inter-level travel time spent in this place.
 C = Inter-level travel time spent in this place.
 D = Time resting spent in this place.
 E = Time spent auto-exploring this place.
 F = Levels seen in this place.
 G = Mean time per level.
                   A        B        C        D        E       F      G
               +--------+--------+--------+--------+--------+-----+--------+
         Total |     31 |     31 |      0 |      0 |      0 |   1 |   31.0 |
       Dungeon |     31 |     31 |      0 |      0 |      0 |   1 |   31.0 |
               +--------+--------+--------+--------+--------+-----+--------+

Top non-repeatable levels by time:
       D: 31 daAuts
